 Dungeon Crawl Stone Soup version 0.29-a0-284-gf9362112df (webtiles) character file.

Game seed: 9700407420149629880

25 sizableburger the Vexing (level 3, -4/27 HPs)
             Began as a Human Arcane Marksman on Mar 17, 2022.
             Was a Believer of Cheibriados.
             Slain by Sigmund
             ... wielding a +2 vorpal scythe
              (10 damage)
             ... on level 2 of the Dungeon.
             The game lasted 00:02:41 (934 turns).

sizableburger the Vexing (Human Arcane Marksman)     Turns: 934, Time: 00:02:42

Health: -4/27      AC:  3    Str: 14    XL:     3   Next: 17%
Magic:  4/4        EV: 13    Int: 23    God:    Cheibriados [**....]
Gold:   55         SH:  0    Dex: 19    Spells: 3/4 levels left

rFire   . . .      SeeInvis .   a - +0 shortbow
rCold   . . .      Faith    .   (shield currently unavailable)
rNeg    . . .      Spirit   .   b - +0 robe
rPois   .          Reflect  .   e - +0 helmet
rElec   .          Harm     .   (no cloak)
rCorr   .          Rampage  .   (no gloves)
Will    .....                   (no boots)
Stlth   +.........              (no amulet)
HPRegen 0.09/turn               g - +6 ring of intelligence
MPRegen 0.09/turn               (no ring)

@: confused, brilliant, ambrosia-drunk, very slow
A: no striking features
a: Renounce Religion, Bend Time


You were on level 2 of the Dungeon.
You worshipped Cheibriados.
Cheibriados was pleased with you.
You visited 1 branch of the dungeon, and saw 2 of its levels.

You collected 55 gold pieces.

Inventory:

Hand Weapons
 a - a +0 shortbow (weapon)
Armour
 b - a +0 robe (worn)
 e - a +0 helmet (worn)
Jewellery
 g - a +6 ring of intelligence (left hand)
Scrolls
 c - a scroll of vulnerability
 d - a scroll of teleportation {unknown}
 f - 3 scrolls of blinking {unknown}
 h - a scroll of immolation {unknown}
 i - a scroll of identify {unknown}
 k - a scroll of amnesia {unknown}


   Skills:
 + Level 1.7 Fighting
 + Level 2.4 Bows
 - Level 2.3 Dodging
 - Level 1.0 Spellcasting
 - Level 3.0 Hexes
 + Level 1.2 Invocations


You had 3 spell levels left.
You knew the following spells:

 Your Spells              Type           Power      Damage    Failure   Level
a - Slow                  Hex            88%        N/A       4%          1

Your spell library contained the following spells:

 Spells                   Type           Power      Damage    Failure   Level
 Inner Flame              Hex/Fire       12%        N/A       22%         3
 Portal Projectile        Hex/Tloc       24%        N/A       22%         3
 Gell's Gravitas          Tloc           1%         N/A       38%         3
 Lesser Beckoning         Tloc           1%         N/A       38%         3
 Teleport Other           Tloc           1%         N/A       38%         3
 Cause Fear               Hex            11%        N/A       38%         4


Dungeon Overview and Level Annotations

Branches:
Dungeon (2/15)

Altars:
Cheibriados

Annotations:
D:2 Sigmund


Message History

Unknown command.
Shoot: a) +0 shortbow
Press: ? - help, Q - select action, (/) - cycle Shift-Dir - straight line, f/p - Sigmund
Aim: Sigmund, wielding a +2 vorpal scythe, wearing a +0 robe and carrying a wand of flame (12) (severely wounded, 58% to hit)
You shoot an arrow. The arrow barely misses Sigmund.
Sigmund casts a spell at you. You resist with significant effort.
Sigmund casts a spell at you.
You are confused.
Non-targeted confused shoot: a) +0 shortbow
Press: ? - help, Q - select action, (/) - cycle Dir - look around, f - activate You shoot an arrow.
Sigmund zaps a wand.
The puff of flame hits you!
Sigmund gestures wildly while chanting.
Sigmund flickers and vanishes!
Deactivating autopickup; reactivate with Ctrl-A.
You bump into the rock wall.
You hear a zap.
A puff of flame appears from out of thin air!
The puff of flame hits you.
You bump into the rock wall.
A puff of flame appears from out of thin air!
The puff of flame hits you!
* * * LOW HITPOINT WARNING * * *
You bump into the rock wall.
You feel less confused.
It was a potion of brilliance.
You feel clever all of a sudden.
It was a potion of ambrosia.
You are confused.
You feel invigorated.
You hear some strange, mumbled words.
You are more confused.
You are too confused!
You hear some strange, mumbled words.
A puff of flame appears from out of thin air!
The puff of flame hits you!
* * * LOW HITPOINT WARNING * * *
You bump into the rock wall.
Something hits you!
You die...

..... #.# .#..#
#{# .#.<#### #.#
.......# #.#
>...##.######.####
....##.#.........#
....##.#.....###{#
.............# #.#
.............†.#@#
###....#.....#.#.#
#....#.#.###.#.#
#....#.#.# #.#
##....#.#.# #.#
#.....#...# #.#
#..#..##..##. ..#
##..#......... ..#
....##.##.[##.


There were no monsters in sight!

Vanquished Creatures
  A ball python (D:2)
  3 endoplasms
  A giant cockroach (D:1)
  4 hobgoblins
  3 jackals (D:1)
  3 kobolds
  4 bats
  2 frilled lizards
  A rat (D:1)
22 creatures vanquished.

Notes
Turn   | Place    | Note
-------+----------+-------------------------------------------
     0 | D:1      | sizableburger the Human Arcane Marksman began the quest for
                  | the Orb.
     0 | D:1      | Reached XP level 1. HP: 15/15 MP: 2/2
    41 | D:1      | Found a faded altar of an unknown god.
    50 | D:1      | Prayed at the altar of an unknown god.
    50 | D:1      | Became a worshipper of Cheibriados the Contemplative
    50 | D:1      | Reached * piety under Cheibriados
   150 | D:1      | Reached XP level 2. HP: 17/21 MP: 3/3
   861 | D:2      | Noticed Sigmund
   863 | D:2      | Reached skill level 1 in Invocations
   883 | D:2      | Reached ** piety under Cheibriados
   884 | D:2      | Reached XP level 3. HP: 26/26 MP: 4/4
   934 | D:2      | Slain by Sigmund

Illustrated notes

Levels and vault maps discovered:
D:1:      dpeg_arrival_pond, layout_basic, dreamdust_ecumenical_altar_statues,
          serial_bayou_pond_d, dreamdust_mushroom_princess
D:2:      layout_loops_ring, minmay_misc_feat_chi, uniq_sigmund, uniq_jessica,
          uniq_robin

Skill      XL: |  1  2 |
---------------+-------+-----
Invocations    | 1 |  1.2
Fighting       | |  1.7
Bows           | |  2.4
Dodging        | |  2.3
Spellcasting   | |  1.0
Hexes          | |  3.0

Action                   || total
-------------------------++-------
 Fire: Shortbow          ||    67
 Cast: Slow              ||     1
  Use: Potion            ||     2
Armor: Robe              ||    14
Dodge: Dodged            ||    44

Table legend: (Time is in decaauts)
 A = Elapsed time spent in this place.
 B = Non-inter-level travel time spent in this place.
 C = Inter-level travel time spent in this place.
 D = Time resting spent in this place.
 E = Time spent auto-exploring this place.
 F = Levels seen in this place.
 G = Mean time per level.
                   A        B        C        D        E       F      G
               +--------+--------+--------+--------+--------+-----+--------+
         Total |   1185 |   1167 |     18 |    173 |    789 |   2 |  592.5 |
       Dungeon |   1185 |   1167 |     18 |    173 |    789 |   2 |  592.5 |
               +--------+--------+--------+--------+--------+-----+--------+

Top non-repeatable levels by time:
     D:1: 1098 daAuts
     D:2: 86 daAuts
